AoeStats
← cargoyle

Arabian Desert

510419116Analyzed
1v1 RM · 15h ago on Sep 30, 2026· 40m 25s· 2 players
Game mode
Random Map
Map size
Tiny (2 player)
Population
200
Speed
Normal
Resources
Standard
Victory
Conquest
Starting age
Dark Age
Ending age
Imperial Age
RankedLock teamsTeams togetherTeam positionsShared explorationLock speedFull tech treeHidden civsTurbo modeCheats
Victory
Defeat
🇨🇦 Varangians · Canada
695
+16
🇲🇽 Slavs · Mexico
699
-16
cargoyle
8:07 Loom
10:37 Feudal Age
12:16 Man-at-Arms
14:03 Scale Mail Armor
15:55 Forging
19:43 Castle Age
18:47 Forging
19:31 Double-Bit Axe
21:01 Horse Collar
25:08 Chain Mail Armor
26:43 Arson
32:44 Squires
34:35 Pikeman
39:16 Wheelbarrow
38:57 Bow Saw
38:49 Heavy Plow
BLACKTROOPER700
10:44 Feudal Age
9:51 Loom
11:39 Man-at-Arms
12:17 Double-Bit Axe
17:17 Bloodlines
19:01 Horse Collar
21:18 Forging
26:02 Castle Age
25:12 Scale Barding Armor
28:07 Iron Casting
27:33 Stone Mining
33:51 Town Watch
Connection lost

Rejoining the realm…

Still unreachable

The connection could not be restored.

Session expired

The server has moved on; the page needs a fresh start.